 Dungeon Crawl Stone Soup version 0.18-a0-731-ga019a5f (webtiles) character file.

320 JokEr the Ruffian (level 6, -3/56 (57) HPs)
             Began as a Ghoul Monk on Dec 9, 2015.
             Killed by divine providence
             ... invoked by an orc priest
              (12 damage)
             ... on level 4 of the Dungeon.
             The game lasted 00:05:35 (3068 turns).

JokEr the Ruffian (Ghoul Monk)                      Turns: 3068, Time: 00:05:35

HP:   -3/56 (57)    AC:  9    Str: 17    XL:     6   Next: 46%
MP:   5/5           EV:  7    Int:  5    God:
Gold: 192           SH:  0    Dex: 11    Spells: 0 memorised, 5 levels left

rFire  . . .     SeeInvis .       - Unarmed
rCold  + . .     Clarity  .     d - +0 chain mail
rNeg   + + +     SustAt   .     (no shield)
rPois  ∞         Gourm    .     (no helmet)
rElec  .         Spirit   .     (no cloak)
rCorr  .         Dismiss  .     (no gloves)
rMut   .         Stasis   .     h - +0 pair of boots
MR     .....                    (no amulet)
Stlth  ..........               (no ring)
                                (no ring)

@: rotting, not resistant to hostile enchantments, extremely unstealthy
A: rotting body, claws 1, carnivore 3, cold resistance 1, negative energy
resistance 3, slow regeneration 1, torment resistance, unbreathing
a: no special abilities


You were on level 4 of the Dungeon.
You were hungry.

You visited 1 branch of the dungeon, and saw 4 of its levels.

You collected 192 gold pieces.

Inventory:

Armour
 d - a +0 chain mail (worn)
 h - a +0 pair of boots (worn)
Jewellery
 j - an uncursed amulet of clarity {unknown}
 k - an uncursed ring of ice {unknown}
Scrolls
 a - a scroll of identify
 c - a scroll of enchant armour
 i - a scroll of fear
 m - a scroll of blinking
 r - a scroll of amnesia
Potions
 e - a potion of heal wounds {unknown}
 f - a potion of might {unknown}
 g - 3 potions of curing
 l - a potion of degeneration {unknown}
 o - a potion of ambrosia {unknown}
 t - a potion of brilliance {unknown}
Comestibles
 b - 2 meat rations
 p - a royal jelly
 q - a slice of pizza
 u - a beef jerky


   Skills:
 + Level 5.7 Fighting
 - Level 2.6 Dodging
 - Level 2.1 Stealth
 + Level 6.7 Unarmed Combat


You had 5 spell levels left.
You didn't know any spells.

Dungeon Overview and Level Annotations

Branches:
Dungeon (4/15)
 Temple: D:4-7

Altars:
Makhleb
Xom


Innate Abilities, Weirdness & Mutations

Your body is rotting away.
You thrive on raw meat.
You are immune to poison.
You have sharp fingernails.
You are carnivorous and can eat meat at any time.
Your flesh is cold resistant.
You are immune to negative energy.
You regenerate slowly when monsters are visible.
You are immune to unholy pain and torment.
You can survive without breathing.


Message History

You kill the orc!
The orc priest casts a cantrip, but nothing happens.
You scratch the jackal.
The jackal is almost dead.
The jackal bites you but does no damage. x2
You completely miss the jackal.
The jackal is almost dead.
The jackal bites you but does no damage.
You closely miss the jackal. Your claw misses the jackal.
The jackal is almost dead.
The jackal barely misses you.
You scratch the jackal but do no damage.
The jackal is almost dead.
The jackal closely misses you.
You claw the jackal!
You kill the jackal!
The jackal bites you but does no damage.
The orc priest invokes the aid of Beogh against you.
Something smites you!
You die...

..>###### ..>......# ...
#)# .... #@# ....####h#
.......#o#
.......#.#######
.......#o......#########
....h.†................#
.......#######.#######.#
...h... #.# #.# .......
#.# #.#


You could see an orc priest, an orc and a jackal.

Vanquished Creatures
  A hound (D:4)
  A crimson imp (D:3)
  2 orc wizards (D:4)
  Terence (D:2)
  Crazy Yiuf (D:2)
  Ijyb (D:2)
  Robin (D:3)
  An adder (D:2)
  An ooze (D:3)
  2 worms
  A giant gecko (D:2)
  4 orcs
  3 bats
  15 hobgoblins
  4 jackals
  7 giant cockroaches
  4 giant newts
  15 goblins
  10 kobolds
  10 rats
85 creatures vanquished.

Notes
Turn   | Place    | Note
--------------------------------------------------------------
     0 | D:1      | JokEr the Ghoul Monk began the quest for the Orb.
     0 | D:1      | Reached XP level 1. HP: 19/19 MP: 0/0
   378 | D:1      | Reached XP level 2. HP: 21/24 MP: 1/1
   628 | D:1      | Reached skill level 5 in Unarmed Combat
   796 | D:1      | Reached XP level 3. HP: 31/31 MP: 2/2
  1368 | D:2      | Noticed Ijyb
  1480 | D:2      | Noticed Terence
  1497 | D:2      | Killed Terence
  1497 | D:2      | Reached XP level 4. HP: 18/40 MP: 3/3
  1784 | D:2      | Killed Ijyb
  1852 | D:2      | Reached XP level 5. HP: 47/47 MP: 4/4
  1870 | D:2      | Noticed Crazy Yiuf
  1873 | D:2      | Killed Crazy Yiuf
  1873 | D:2      | Reached skill level 6 in Unarmed Combat
  2351 | D:3      | Noticed Robin
  2369 | D:3      | Reached skill level 5 in Fighting
  2388 | D:3      | Killed Robin
  2718 | D:3      | Found a burning altar of Makhleb.
  2718 | D:3      | Found a shimmering altar of Xom.
  3011 | D:4      | Reached XP level 6. HP: 50/55 MP: 5/5
  3068 | D:4      | Killed from afar by an orc priest

Vault maps used:
D:1:      dpeg_arrival_ternary, minmay_misc_feat_square
D:2:      minmay_statues_item, serial_park_tiny_pond, uniq_terence, uniq_iyjb,
          uniq_crazy_yiuf_cottage
D:3:      grunt_temple_overflow_champion_of_chaos, uniq_robin
D:4:      overflow_temple_1_default, serial_shops, kennysheep_mini, first_bread,
          lemuel_blue_sif_altar

Action                   |  1- 3 |  4- 6 || total
-------------------------+-------+-------++-------
Melee: Unarmed           |   114 |   152 ||   266
  Use: Scroll            |     3 |     5 ||     8
  Eat: Chunk             |     6 |     6 ||    12
